 Dungeon Crawl Stone Soup version 0.21-a0-504-g2eda330 (webtiles) character file.

166062 dvd the Blocker (level 17, -5/165 HPs)
             Began as a Troll Berserker on Nov 25, 2017.
             Was a High Priest of Trog.
             Slain by a harpy (16 damage)
             ... on level 4 of the Shoals on Nov 26, 2017.
             The game lasted 02:39:54 (32224 turns).

dvd the Blocker (Troll Berserker)                  Turns: 32224, Time: 02:39:56

Health: -5/165     AC: 10    Str: 36    XL:     17   Next: 29%
Magic:  16/16      EV: 14    Int:  9    God:    Trog [*****.]
Gold:   913        SH: 35    Dex: 10    Spells: 16/16 levels left

rFire    + + .     SeeInvis .   a - +7 long sword "Tafopn" {vamp, rPois Str+4 Int+5}
rCold    + . .     Gourm    +   N - +10 large shield of Ignorance {rN+ Int-4}
rNeg     + + +     Faith    .   G - +2 robe {rC+}
rPois    +         Spirit   .   A - +2 hat {MR+}
rElec    +         Reflect  +   E - +0 cloak
rCorr    .         Harm     .   (gloves unavailable)
MR       ++...                  (boots unavailable)
Stlth    ++........             o - amulet "Qobyseho" {Reflect *Contam rElec rN++ SH+3}
HPRegen  1.17/turn              w - ring "Lunoci" {rElec rPois rF++ Dex-3}
MPRegen  0.15/turn              M - ring "Neoclal" {*Contam rElec rN+ Str+3 Int+4}

@: no status effects
A: large, unfitting armour, antennae 1, claws 3, fangs 1, fast metabolism 3,
gourmand, poison resistance, regeneration 2, shaggy fur 1, tough skin 2
a: Berserk, Trog's Hand, Brothers in Arms, Burn Spellbooks, Renounce Religion


You were on level 4 of the Shoals.
You worshipped Trog.
Trog was extremely pleased with you.
You were very full.

You visited 4 branches of the dungeon, and saw 27 of its levels.
You also visited: Labyrinth, Trove, Bailey, Ice Cave and Volcano.

You collected 3362 gold pieces.
You spent 2449 gold pieces at shops.

Inventory:

Hand Weapons
 a - the +7 long sword "Tafopn" (weapon) {vamp, rPois Str+4 Int+5}
   (Trog gifted it to you on level 4 of the Lair of Beasts)

   It inflicts no extra harm, but heals its wielder when it wounds a living foe.
   It affects your strength (+4).
   It affects your intelligence (+5).
   It protects you from poison.
 p - the +8 flail "Ojaotos" {flame, +Fly rN++ MR- SInv}
   (You took it off an orc on level 13 of the Dungeon)

   It has been specially enchanted to burn those struck by it, causing extra
   injury to most foes and up to half again as much damage against particularly
   susceptible opponents.
   It greatly protects you from negative energy.
   It affects your resistance to hostile enchantments.
   It lets you see invisible.
   It lets you fly.
 P - a +4 demon trident of electrocution
Missiles
 m - 30 javelins of penetration
 v - 50 large rocks (quivered)
 y - 19 silver javelins
 B - 19 javelins of returning
 S - 12 poisoned javelins
 V - 19 steel javelins
Armour
 j - a +0 hat of see invisible
 A - a +2 hat of magic resistance (worn)
 E - a +0 cloak (worn)
 G - a +2 robe of cold resistance (worn)
 N - the +10 large shield of Ignorance (worn) {rN+ Int-4}
   (You found it in a treasure trove)

   It affects your intelligence (-4).
   It protects you from negative energy.
Jewellery
 k - a +5 ring of evasion
 o - the amulet "Qobyseho" (around neck) {Reflect *Contam rElec rN++ SH+3}
   (You found it in a treasure trove)

   [amulet of reflection]

   It shields you and reflects attacks.
   It insulates you from electricity.
   It greatly protects you from negative energy.
   It causes magical contamination when unequipped.
   It affects your SH (+3).
 t - the ring "Wulurr" {Ice rPois}
   (You found it in an ice cave)

   [ring of ice]

   It enhances your ice magic.
   It makes you vulnerable to fire.
   It protects you from cold.
   It protects you from poison.
 w - the ring "Lunoci" (left claw) {rElec rPois rF++ Dex-3}
   (You bought it in a shop on level 2 of the Orcish Mines)

   [ring of poison resistance]

   It affects your dexterity (-3).
   It greatly protects you from fire.
   It insulates you from electricity.
   It protects you from poison.
 L - the amulet of the Lonely Runes {Reflect rF+ rC++ SH+2}
   (You found it in a treasure trove)

   [amulet of reflection]

   It shields you and reflects attacks.
   It protects you from fire.
   It greatly protects you from cold.
   It affects your SH (+2).
 M - the ring "Neoclal" (right claw) {*Contam rElec rN+ Str+3 Int+4}
   (You found it in an ice cave)

   [ring of positive energy]

   It affects your strength (+3).
   It affects your intelligence (+4).
   It insulates you from electricity.
   It protects you from negative energy.
   It causes magical contamination when unequipped.
 Q - the ring "Nycovvar" {rCorr Str+4}
   (You bought it in a shop on level 15 of the Dungeon)

   [ring of resist corrosion]

   It affects your strength (+4).
 R - the amulet "Suxtos" {rPois Regen+ Str+6 Dex-4}
   (You bought it in a shop on level 2 of the Orcish Mines)

   [amulet of regeneration]

   It affects your strength (+6).
   It affects your dexterity (-4).
   It protects you from poison.
   It increases your rate of regeneration.
Wands
 n - a wand of disintegration (10)
 s - a wand of random effects (14)
 x - a wand of paralysis (10)
 F - a wand of scattershot (4)
 H - a wand of digging (22)
 I - a wand of polymorph (22)
 K - a wand of enslavement (84)
 T - a wand of iceblast (9)
Scrolls
 b - a scroll of magic mapping
 d - 7 scrolls of remove curse
 e - 4 scrolls of identify
 f - 10 scrolls of teleportation
 r - 3 scrolls of fog
 C - a scroll of summoning
 O - a scroll of holy word
Potions
 g - 3 potions of resistance
 h - a potion of heal wounds
 i - 12 potions of curing
 l - 5 potions of mutation
 z - 2 potions of might
 D - a potion of invisibility
 J - 3 potions of ambrosia
Comestibles
 c - 9 bread rations
 q - 24 royal jellies
 u - 5 meat rations
 U - 32 fruits
 W - 4 chunks of flesh


   Skills:
 + Level 9.7 Fighting
   Level 0.3(7.3) Short Blades
 + Level 11.5 Long Blades
   Level 0.2(5.9) Axes
 + Level 10.0 Maces & Flails
 + Level 1.9 Polearms
 * Level 13.2 Throwing
 + Level 3.7 Armour
 + Level 11.1 Dodging
 + Level 4.3 Stealth
 + Level 13.4 Shields
 + Level 0.6 Evocations


You had 16 spell levels left.
You didn't know any spells.

Dungeon Overview and Level Annotations

Branches:
Dungeon (15/15)            Temple (0/1) D:5            Lair (6/6) D:11
 Shoals (4/4) Lair:3       Spider (0/4) Lair:4        Slime (0/5) Lair:6
    Orc (2/2) D:10            Elf (0/3) Orc:2        Vaults (0/5) D:14
 Depths (0/5) D:15

Altars:
Ashenzari
Cheibriados
Dithmenos
Elyvilon
Gozag
Kikubaaqudgha
Makhleb
Okawaru
Qazlal
Ru
Vehumet
Xom
Yredelemnul
Zin
Beogh
Jiyva

Shops:
D:4 *   D:8 }%   D:12 (?   D:14 ?   D:15 ?*=   Orc:2 *([=   Shoals:1 *


Innate Abilities, Weirdness & Mutations

You are too large for most types of armour.
You have claws for hands.
Your metabolism is lightning-fast.
You like to eat raw meat.
You heal very quickly.
You are covered in fur. (AC +1)
You have very tough skin. (AC +2)
You have a pair of small antennae on your head.
You have very sharp teeth.
Your system is resistant to poisons. (rPois)


Message History

The harpy barely misses you. You block the harpy's attack.
The harpy claws you but does no damage. The harpy barely misses you.
You riposte.
You barely miss the harpy. The harpy misses you.
The harpy claws you but does no damage. The harpy claws you!
* * * LOW HITPOINT WARNING * * *
Unknown command.
You feel better. You block the harpy's attack. The harpy misses you.
You block the harpy's attack. x2; The harpy claws your snapping turtle!
The harpy claws your snapping turtle. You block the harpy's attack.
The harpy claws you.
* * * LOW HITPOINT WARNING * * *
You block the harpy's attack. The harpy completely misses you.
The harpy closely misses you.
You riposte.
You slice the harpy!! You bite the harpy, but do no damage.
The harpy is almost dead.
The harpy claws you.
* * * LOW HITPOINT WARNING * * *
The harpy claws your snapping turtle but does no damage. x2
The harpy claws you!
You die...

≈≈≈≈#######....≈..............≈≈≈
≈≈≈## ##..≈≈≈.<...........≈≈≈
≈≈## ##..≈≈.............≈≈≈ ≈≈#{
#.........(........≈≈ ≈≈#
#.≈.................. ≈≈#
#≈...........######.. ≈≈#
#≈...HH.....#....≈##. ≈≈#
#.#.mH(t.....#.#....≈## ≈≈#
#...H@.....#.#(.≈#..≈# ≈≈≈
#....Hmt....#...≈≈≈≈.≈#
#≈.....(.....#..≈≈##≈. #
≈≈.....(.....# .#≈ ..≈#
≈≈≈.....(....# #≈# ≈≈≈≈.........#
## ≈≈≈≈≈..((..≈..# ##.
≈≈≈≈≈≈≈...≈≈≈≈≈ #####.. ≈≈≈≈≈≈.


You could see a merfolk, 5 harpies, 2 friendly snapping turtles and a friendly
merfolk.

Vanquished Creatures
  Jorgrun (Shoals:4)
  Rupert (Lair:3)
  An Ice Fiend (IceCv)
  Ilsuiw (Shoals:4)
  2 orc warlords
  Aizul (Shoals:4)
  The ghost of Soeti the Grappler, a journeyman TrMo of Cheibriados (Lair:3)
  A stone giant (D:13)
  3 merfolk javelineers
  A minotaur (Lab)
  7 merfolk impalers
  8 vault guards
  The ghost of Typee the Covert, a journeyman OpEn of Kikubaaqudgha (Lair:1)
  An ice dragon (Lair:6)
  3 catoblepae (Lair:6)
  9 hydras
  A merfolk avatar (Shoals:3)
  3 centaur warriors
  The ghost of Gildeon the Cleaver, a novice MiFi of Okawaru (D:9)
  The ghost of Scuka the Basher, a novice MiFi of Okawaru (Bailey)
  An alligator snapping turtle (Shoals:2)
  13 two-headed ogres
  A merfolk aquamancer (Shoals:4)
  2 satyrs (Shoals:2)
  11 death yaks (Lair:6)
  Urug (Orc:2)
  Nergalle (Orc:2)
  An unseen horror (D:9)
  9 sea snakes
  The ghost of mortelune the Basher, a novice GrFi of Makhleb (D:7)
  4 orc knights
  2 wizards (D:15)
  21 harpies
  A necromancer (D:15)
  3 oklob plants
  2 orc sorcerers
  A deep elf mage (D:15)
  A salamander (Volcano)
  12 manticores
  11 ugly things
  7 cyclopes
  8 merfolk sirens
  9 elephants (Lair:6)
  A naga mage (D:15)
  Maurice (Orc:2)
  4 water nymphs
  2 black mambas
  A torpor snail (Lair:3)
  2 gargoyles
  6 spiny frogs
  2 freezing wraiths (IceCv)
  4 komodo dragons
  5 rime drakes
  4 anaconda simulacra (IceCv)
  5 ice devils (IceCv)
  23 merfolk
  A queen bee (Lair:4)
  4 wind drakes
  8 trolls
  A polar bear (Lair:6)
  3 meliai (Lair:4)
  2 wolf spider simulacra
  A hornet (D:11)
  16 dream sheep
  8 snapping turtles
  4 slime creatures (D:14)
  8 blink frogs
  2 meliai zombies
  11 hippogriffs
  4 centaur simulacra
  A redback (Lair:4)
  2 water elementals
  6 wyverns
  2 dire elephant simulacra (IceCv)
  4 fire bats
  A human (shapeshifter) (D:15)
  Eustachio (D:6)
  47 yaks
  A basilisk (D:14)
  A death yak simulacrum (IceCv)
  2 hungry ghosts
  8 wargs
  3 harpy simulacra (IceCv)
  2 acid dragons
  An iron troll simulacrum (IceCv)
  Edmund (D:4)
  2 hell hounds (Volcano)
  10 water moccasins
  3 hydra simulacra (IceCv)
  A soldier ant (D:11)
  Duvessa (D:4)
  11 porcupines
  30 orc warriors
  2 ettin simulacra (IceCv)
  2 sky beasts
  3 black bears
  6 phantoms
  An eye of draining (D:13)
  15 ogres
  A necrophage (D:8)
  3 ice beasts
  4 wolves (Lair:2)
  18 centaurs
  6 crocodiles
  The ghost of Typee the Firebug, an amateur DEFE (D:3)
  5 big kobolds
  21 bullfrogs
  10 gnoll sergeants
  A wyvern zombie (D:11)
  Dowan (D:4)
  A wyvern skeleton (D:15)
  A scorpion (D:8)
  An elephant simulacrum (IceCv)
  20 killer bees
  6 wights
  A bullfrog zombie (D:11)
  8 crimson imps
  6 centaur zombies
  2 draconian simulacra (IceCv)
  4 hounds
  13 orc priests
  7 jellies
  6 gnoll shamans (Bailey)
  5 bullfrog skeletons
  19 orc wizards
  6 centaur skeletons
  3 iguanas
  Terence (D:3)
  3 polar bear simulacra (IceCv)
  A spriggan simulacrum (IceCv)
  Natasha (thrice) (D:3)
  7 worker ants
  A killer bee zombie (D:7)
  A statue (D:4)
  2 troll simulacra (IceCv)
  A wolf simulacrum (IceCv)
  2 hound zombies
  Robin (D:3)
  A worker ant zombie (D:7)
  21 gnolls
  2 ogre simulacra (IceCv)
  14 adders
  3 howler monkey skeletons
  2 naga simulacra (IceCv)
  A shadow imp (D:10)
  6 white imps
  5 ufetubi (IceCv)
  2 oozes
  An adder zombie (D:4)
  5 worms
  2 dart slugs
  3 leopard geckos
  70 orcs
  3 bats
  6 giant cockroaches
  15 goblins
  15 hobgoblins
  12 jackals
  22 kobolds
  4 quokkas
  A ball python (D:5)
  6 frilled lizards
  2 jackal skeletons (D:5)
  A leopard gecko skeleton (D:6)
  11 rats
  2 plants
  A tentacle (Shoals:2)
916 creatures vanquished.

Vanquished Creatures (collateral kills)
  An orc warlord (Orc:2)
  The ghost of p0werm0de the Severer, a journeyman FoCK of Xom (Volcano)
  A merfolk impaler (Shoals:4)
  A hydra (Lair:6)
  An orc high priest (Orc:2)
  A manticore (Shoals:4)
  An elephant (Lair:6)
  A black mamba (Lair:6)
  A red devil (Volcano)
  A wind drake (Shoals:4)
  A snapping turtle (Shoals:4)
  A water moccasin (Lair:6)
  An orc warrior (Orc:2)
  2 crocodiles (Lair:6)
  3 killer bees (D:10)
  An orc priest (Orc:2)
  An orc wizard (Orc:2)
  A fungus (Lair:6)
21 creatures vanquished.

Vanquished Creatures (others)
  Nessos (Lair:6)
  4 merfolk javelineers
  Sonja (D:10)
  4 cyclopes
  3 manticores
  A merfolk (Shoals:3)
  A killer bee (D:10)
  8 centaurs
  An ufetubus (IceCv)
  29 fungi
  15 plants
  5 tentacles (Shoals:2)
73 creatures vanquished.

Grand Total: 1010 creatures vanquished

Notes
Turn   | Place    | Note
-------+----------+-------------------------------------------
     0 | D:1      | dvd the Troll Berserker began the quest for the Orb.
     0 | D:1      | Reached XP level 1. HP: 22/22 MP: 0/0
   218 | D:1      | Reached XP level 2. HP: 26/29 MP: 1/1
   778 | D:2      | Reached XP level 3. HP: 27/36 MP: 2/2
   900 | D:2      | Reached ** piety under Trog
  1277 | D:2      | Found a stormy altar of Qazlal.
  1344 | D:2      | Reached XP level 4. HP: 38/44 MP: 3/3
  1507 | D:3      | Found a snail-covered altar of Cheibriados.
  1607 | D:3      | Noticed Typee's ghost (amateur DEFE)
  1613 | D:3      | Killed Typee's ghost
  1613 | D:3      | Reached skill level 1 in Throwing
  1613 | D:3      | Reached XP level 5. HP: 53/53 MP: 4/4
  1760 | D:3      | Noticed Robin
  1794 | D:3      | Killed Robin
  2004 | D:3      | Reached *** piety under Trog
  2038 | D:3      | Found an iron altar of Okawaru.
  2287 | D:3      | Noticed Terence
  2300 | D:3      | Killed Terence
  2304 | D:3      | Noticed Natasha
  2310 | D:3      | Killed Natasha
  2310 | D:3      | Reached skill level 1 in Long Blades
  2310 | D:3      | Reached XP level 6. HP: 48/61 MP: 5/5
  2417 | D:3      | Received a gift from Trog
  2681 | D:3      | Noticed Natasha
  2689 | D:3      | Killed Natasha
  2713 | D:3      | Noticed Natasha
  2720 | D:3      | Killed Natasha
  2749 | D:4      | Noticed Duvessa
  2750 | D:4      | Noticed Dowan
  2764 | D:4      | Killed Duvessa
  2764 | D:4      | Reached skill level 1 in Stealth
  2771 | D:4      | Killed Dowan
  2806 | D:4      | Reached XP level 7. HP: 60/67 MP: 6/6
  2885 | D:4      | Noticed Edmund
  2890 | D:4      | Killed Edmund
  3111 | D:4      | Reached skill level 1 in Shields
  3164 | D:4      | Found Batzukhl Sida's Assorted Antiques.
  3170 | D:4      | Bought a runed robe for 88 gold pieces
  3197 | D:4      | Found a radiant altar of Vehumet.
  3357 | D:4      | Reached skill level 5 in Maces & Flails
  3530 | D:4      | Found a white marble altar of Elyvilon.
  3577 | D:5      | Entered Level 5 of the Dungeon
  3738 | D:5      | Reached XP level 8. HP: 78/78 MP: 7/7
  3935 | D:5      | Found a snail-covered altar of Cheibriados.
  3953 | D:5      | Found a staircase to the Ecumenical Temple.
  4024 | D:5      | Reached **** piety under Trog
  4535 | D:6      | Noticed Eustachio
  4553 | D:6      | Killed Eustachio
  4758 | D:6      | Found a sacrificial altar of Ru.
  4761 | D:6      | Found a shadowy altar of Dithmenos.
  4763 | D:6      | Found an ancient bone altar of Kikubaaqudgha.
  4775 | D:6      | Reached skill level 1 in Polearms
  5120 | D:4      | Bought a coiled platinum ring for 120 gold pieces
  5121 | D:4      | Identified the ring of Zyxtinyng {-Tele +Fly rElec rN+ Int+6} (You bought it in a shop on level 4 of the Dungeon)
  5629 | D:7      | Noticed mortelune's ghost (novice GrFi)
  5634 | D:7      | Killed mortelune's ghost
  5634 | D:7      | Reached skill level 5 in Dodging
  5634 | D:7      | Reached XP level 9. HP: 85/85 MP: 8/8
  5810 | D:7      | Found a burning altar of Makhleb.
  5967 | D:7      | Found a shattered altar of Ashenzari.
  6156 | D:8      | Found an opulent altar of Gozag.
  6180 | D:8      | Found a glowing silver altar of Zin.
  6193 | D:8      | Reached ***** piety under Trog
  6195 | D:8      | Found Kixidduu's Gadget Emporium.
  6245 | D:8      | Noticed a two-headed ogre
  6256 | D:8      | Killed a two-headed ogre
  6256 | D:8      | Reached skill level 5 in Fighting
  6256 | D:8      | Reached XP level 10. HP: 79/95 MP: 9/9
  6312 | D:8      | Gained mutation: You heal very quickly. [potion of mutation]
  6312 | D:8      | Gained mutation: You have a pair of small antennae on your head. [potion of mutation]
  6312 | D:8      | Gained mutation: Your system is resistant to poisons. (rPois) [potion of mutation]
  6312 | D:8      | Gained mutation: You have very sharp teeth. [potion of mutation]
  6325 | D:8      | Identified a scroll of acquirement
  6363 | D:8      | Found Cianal's Food Shoppe.
  6446 | D:8      | Noticed a two-headed ogre
  6458 | D:8      | Killed a two-headed ogre
  6722 | D:8      | Noticed a three-headed hydra
  6731 | D:8      | Killed a three-headed hydra
  6979 | D:9      | Received a gift from Trog
  7070 | D:9      | Reached skill level 5 in Shields
  7077 | D:9      | Noticed Gildeon's ghost (novice MiFi)
  7441 | D:9      | Killed an unseen horror
  7441 | D:9      | Reached XP level 11. HP: 43/105 MP: 10/10
  7596 | D:9      | Killed Gildeon's ghost
  8008 | D:9      | Reached skill level 5 in Long Blades
  8008 | D:9      | Reached skill level 1 in Armour
  8182 | D:9      | Received a gift from Trog
  8198 | D:9      | Found a basalt altar of Yredelemnul.
  8373 | D:7      | Found a shimmering altar of Xom.
  8564 | D:4      | Got a fine dagger
  8565 | D:4      | Identified the +0 dagger of the Shrike {drain, rC- rN+ Dex+2} (You found it on level 4 of the Dungeon)
  8649 | D:10     | Entered Level 10 of the Dungeon
  8835 | D:10     | Found a staircase to the Orcish Mines.
  8959 | D:10     | Noticed a vault guard
  8976 | D:10     | Killed a vault guard
  9012 | D:10     | Found a portal to a secret trove of treasure.
  9234 | D:10     | Found a sacrificial altar of Ru.
  9355 | D:10     | Noticed Sonja
  9361 | D:10     | Killed Sonja
  9855 | D:11     | Noticed a purple ugly thing
  9866 | D:11     | Killed a purple ugly thing
  9866 | D:11     | Reached skill level 5 in Throwing
 10195 | D:11     | Reached XP level 12. HP: 115/115 MP: 11/11
 10237 | D:11     | Found a staircase to the Lair.
 10257 | Lair:1   | Entered Level 1 of the Lair of Beasts
 10257 | Lair:1   | Noticed a four-headed hydra
 10266 | Lair:1   | Killed a four-headed hydra
 10283 | Lair:1   | Noticed Typee's ghost (journeyman OpEn)
 10331 | Lair:1   | Killed Typee's ghost
 11169 | Lair:2   | Noticed a four-headed hydra
 11181 | Lair:2   | Killed a four-headed hydra
 11769 | Lair:3   | Noticed an eight-headed hydra
 11778 | Lair:3   | Killed an eight-headed hydra
 11826 | Lair:3   | Noticed Soeti's ghost (journeyman TrMo)
 11903 | Lair:3   | Killed Soeti's ghost
 11995 | Lair:3   | Noticed Rupert
 12037 | Lair:3   | Noticed an eight-headed hydra
 12044 | Lair:3   | Killed an eight-headed hydra
 12167 | Lair:3   | Killed Rupert
 12172 | Lair:3   | Reached XP level 13. HP: 51/124 MP: 12/12
 12357 | Lair:3   | Found a staircase to the Shoals.
 12697 | Lair:4   | Found a hole to the Spider Nest.
 12781 | Lair:4   | Found a dark tunnel.
 12803 | Lair:4   | Received a gift from Trog
 12815 | Volcano  | Entered a volcano
 12900 | Volcano  | Noticed p0werm0de's ghost (journeyman FoCK)
 12929 | Volcano  | Killed p0werm0de's ghost
 13783 | Lair:4   | Reached skill level 10 in Maces & Flails
 14100 | Lair:4   | Received a gift from Trog
 14103 | Lair:4   | Got a pitted long sword {god gift}
 14130 | Lair:4   | Identified the +7 long sword "Tafopn" {vamp, rPois Str+4 Int+5} (Trog gifted it to you on level 4 of the Lair of Beasts)
 15480 | Lair:6   | Entered Level 6 of the Lair of Beasts
 15788 | Lair:6   | Noticed Nessos
 15795 | Lair:6   | Killed Nessos
 15849 | Lair:6   | Reached XP level 14. HP: 97/136 MP: 13/13
 16277 | Lair:6   | Found a viscous altar of Jiyva.
 16277 | Lair:6   | Found a staircase to the Slime Pits.
 16430 | Lair:6   | Reached skill level 10 in Shields
 17071 | Lair:6   | Received a gift from Trog
 17627 | Orc:1    | Entered Level 1 of the Orcish Mines
 17627 | Orc:1    | Noticed an orc warlord
 17706 | Orc:1    | Killed an orc warlord
 17920 | Orc:1    | Found a roughly hewn altar of Beogh.
 18189 | Orc:2    | Entered Level 2 of the Orcish Mines
 18189 | Orc:2    | Found a staircase to the Elven Halls.
 18228 | Orc:2    | Noticed an orc warlord
 18249 | Orc:2    | Killed an orc warlord
 18388 | Orc:2    | Noticed Maurice
 18397 | Orc:2    | Killed Maurice
 18774 | Orc:2    | Noticed an orc warlord
 18827 | Orc:2    | Killed an orc warlord
 18954 | Orc:2    | Noticed Nergalle
 18955 | Orc:2    | Found a roughly hewn altar of Beogh.
 18956 | Orc:2    | Noticed Urug
 18976 | Orc:2    | Killed Nergalle
 19081 | Orc:2    | Killed Urug
 19511 | Orc:2    | Found Rayzil's Antique Armour Emporium.
 19517 | Orc:2    | Found Fariklal's General Store.
 19577 | Orc:2    | Bought a scroll of identify for 28 gold pieces
 19666 | Orc:2    | Found Ykkiurepu's Jewellery Emporium.
 19672 | Orc:2    | Bought the ring "Lunoci" {rElec rPois rF++ Dex-3} for 632 gold pieces
 19700 | Orc:2    | Reached XP level 15. HP: 108/145 MP: 14/14
 19857 | Orc:2    | Found Pegy's Antique Weapon Emporium.
 19897 | Orc:2    | Bought the amulet "Suxtos" {rPois Regen+ Str+6 Dex-4} for 635 gold pieces
 20219 | D:12     | Found Menonnat's Antique Weapon Emporium.
 20225 | D:12     | Bought a translucent flail for 229 gold pieces
 20232 | D:12     | Identified the +4 flail "Jor Lyploly" {vamp, -Tele rPois Dex+4} (You bought it in a shop on level 12 of the Dungeon)
 20637 | D:12     | Received a gift from Trog
 20849 | D:12     | Found Rups's Magic Scroll Boutique.
 20861 | D:12     | Bought a scroll of identify for 32 gold pieces
 20861 | D:12     | Bought a scroll of blinking for 120 gold pieces
 21032 | D:13     | Found a flagged portal.
 21090 | Bailey   | Entered a bailey
 21092 | Bailey   | Noticed Scuka's ghost (novice MiFi)
 21111 | Bailey   | Killed Scuka's ghost
 21166 | Bailey   | Received a gift from Trog
 21390 | Bailey   | Received a gift from Trog
 21753 | D:13     | Found the +10 Black Knight's horse barding {ponderous, rPois rN+}
 21795 | D:13     | Found a burning altar of Makhleb.
 21868 | D:13     | Reached skill level 10 in Dodging
 21938 | D:13     | Got a dazzling great sword {venom}
 21942 | D:13     | Got a crystal flail {flame}
 22063 | D:13     | Identified the +8 flail "Ojaotos" {flame, +Fly rN++ MR- SInv} (You took it off an orc on level 13 of the Dungeon)
 22069 | D:13     | Identified the +4 great sword of the Bouncing Nights {venom, rElec rC+ MP+9 Str-5} (You took it off an orc on level 13 of the Dungeon)
 22685 | D:14     | Found a gate to the Vaults.
 22761 | D:14     | Reached skill level 10 in Long Blades
 23077 | D:14     | Found Ciont's Magic Scroll Emporium.
 23081 | D:14     | Bought a scroll of identify for 34 gold pieces
 23217 | D:10     | You paid a toll of 24 scrolls of identify to enter a treasure trove
 23218 | Trove    | Entered a treasure trove
 23224 | Trove    | Found the +10 large shield of Ignorance {rN+ Int-4}
 23240 | Trove    | Got a scintillating silver amulet
 23266 | Trove    | Got an ancient silver amulet
 23268 | Trove    | Identified the amulet of the Lonely Runes {Reflect rF+ rC++ SH+2} (You found it in a treasure trove)
 23270 | Trove    | Identified the amulet "Qobyseho" {Reflect *Contam rElec rN++ SH+3} (You found it in a treasure trove)
 23788 | D:15     | Entered Level 15 of the Dungeon
 23822 | D:15     | Received a gift from Trog
 23836 | D:15     | Found Nagolec's General Store.
 23844 | D:15     | Found a labyrinth entrance.
 23888 | Lab      | Entered a labyrinth
 25758 | Lab      | Got a scorched trident
 25781 | Lab      | Identified the +3 trident "Vianer" {protect, Fragile +Blink rN+++ Dex-2} (You found it in a labyrinth)
 25857 | D:15     | Reached skill level 10 in Throwing
 25940 | D:15     | Found Falux's Magic Scroll Shop.
 25991 | D:15     | Received a gift from Trog
 26320 | D:15     | Found Yluora's Jewellery Boutique.
 26331 | D:15     | Bought the ring "Nycovvar" {rCorr Str+4} for 531 gold pieces
 26419 | D:15     | Received a gift from Trog
 26423 | D:15     | Paralysed by a wizard for 4 turns
 26465 | D:15     | Reached XP level 16. HP: 156/156 MP: 15/15
 26496 | D:15     | Found a staircase to the Depths.
 26860 | Shoals:1 | Entered Level 1 of the Shoals
 27127 | Shoals:1 | Found Raeqiaku's Assorted Antiques.
 27458 | Shoals:1 | Got an ichor-stained large shield
 27469 | Shoals:1 | Identified the +6 large shield of the Armoured One {*Corrode rF+ Int+4} (You acquired it on level 1 of the Shoals)
 27839 | Shoals:2 | Received a gift from Trog
 28513 | Shoals:2 | Noticed a kraken
 29051 | Shoals:3 | Found a frozen archway.
 29080 | IceCv    | Entered an ice cave
 29362 | IceCv    | Received a gift from Trog
 29530 | IceCv    | Noticed an Ice Fiend
 30058 | IceCv    | Killed an Ice Fiend
 30102 | IceCv    | Got a brightly glowing copper ring
 30104 | IceCv    | Identified the ring "Wulurr" {Ice rPois} (You found it in an ice cave)
 30110 | IceCv    | Got a fine silver ring
 30112 | IceCv    | Identified the ring "Neoclal" {*Contam rElec rN+ Str+3 Int+4} (You found it in an ice cave)
 30481 | Shoals:3 | Received a gift from Trog
 30785 | Shoals:3 | Got a bone glaive
 30786 | Shoals:3 | Identified the +6 glaive "Transmigrator" {freeze, rPois rF- rN+ Dex+3} (You found it on level 3 of the Shoals)
 30970 | Shoals:4 | Entered Level 4 of the Shoals
 31126 | Shoals:4 | Noticed Jorgrun
 31150 | Shoals:4 | Killed Jorgrun
 31175 | Shoals:4 | Received a gift from Trog
 31211 | Shoals:4 | Reached XP level 17. HP: 131/163 MP: 16/16
 31524 | Shoals:4 | Got a smoking dagger
 31525 | Shoals:4 | Identified the +2 dagger "Tyloashy" {pain, Dex+3} (You found it on level 4 of the Shoals)
 31558 | Shoals:4 | Received a gift from Trog
 31614 | Shoals:4 | HP: 7/165 [merfolk javelineer/javelin of penetration (13)]
 31764 | Shoals:4 | Noticed Ilsuiw
 31867 | Shoals:4 | Killed Ilsuiw
 32023 | Shoals:4 | Noticed Aizul
 32041 | Shoals:4 | Killed Aizul
 32224 | Shoals:4 | Slain by a harpy

Vault maps used:
D:1:      dpeg_arrival_water_fire, hangedman_decor_growths,
          minmay_misc_feat_four_crosses
D:2:      lemuel_round_altar, minmay_tromino_i2
D:3:      wad_crossroads, overflow_temple_1_default, okawaru_metal_pillars_1_2,
          uniq_terence, uniq_robin, uniq_natasha
D:4:      marbit_many_paths, vehumet_statue, serial_shops, shop,
          due_unseen_surprise, uniq_duvessa, uniq_edmund
D:5:      kennysheep_big_flooded_room, temple_fountains, basic_altar,
          first_bread
D:6:      grunt_temple_overflow_open, uniq_eustachio
D:7:      cheibrodos_ashenzari_chains, lemuel_round_altar, tgw_xom
D:8:      lemuel_crystal_altar, nicolae_gozag_cash_rules_everything_around_me,
          serial_shops, nicolae_shop_window_shopping, shop, hangedman_ranch
D:9:      lemuel_coloured_pillars_altar
D:10:     david_orc_2, enter_trove_5, nicolae_ru_path_of_blood, uniq_sonja
D:11:     grunt_lair_entry_orc_guard_hut
D:12:     serial_shops, nicolae_shop_waterfront, shop
D:13:     cheibrodos_monumental, basic_altar, enter_bailey_3
D:14:     erik_vaults_2, serial_park_tiny_2, serial_shops, shop_fountains
D:15:     grunt_enter_depths_magical_seal, lab_entry_generic, serial_shops,
          nicolae_shop_waterfront, nicolae_shop_waterfront,
          nicolae_shop_behind_doors, minmay_misc_feat_chi
Lair:1:   serial_forest, infiniplex_forest_clump_diagonal,
          infiniplex_forest_lined_ring, infiniplex_forest_clump_diagonal,
          infiniplex_forest_lined_2, infiniplex_forest_lined_room_2,
          infiniplex_forest_straight_3, infiniplex_forest_lined_1, st_stairs_9,
          lemuel_fruit_tree
Lair:2:   grunt_megastairs_5
Lair:3:   minmay_shoals_entry_beasts, nicolae_quartered_pool_medium,
          grunt_megastairs_3, uniq_rupert
Lair:4:   spider_nest_entry_rubble, nicolae_volcano_entry_batcave, special_room,
          minmay_lair_oklob_chamber
Lair:5:   grunt_megastairs_2
Lair:6:   evilmike_catoblepas_cave, slime_altar_1, bobbens_ice_dragon_lair,
          uniq_nessos
Shoals:1: serial_shops, shop
Shoals:3: nicolae_shoals_island_circles, portal_ice_cave_entry_pillars_four
Shoals:4: shoals_end_hangedman, shoals_ilsuiw_ice, uniq_aizul, uniq_jorgrun
Orc:1:    nicolae_orc_accident_1, mines1_david
Orc:2:    grunt_orc_cross, uniq_maurice
Lab:      labyrinth_hidden_loot
Trove:    trove_simple
Bailey:   bailey_polearm_gnolls_kennysheep, bailey
IceCv:    ice_cave_caverns_03
Volcano:  volcano_village

Skill      XL: |  1  2  3  4  5  6  7  8  9 10 11 12 13 14 15 16 17 |
---------------+----------------------------------------------------+-----
Maces & Flails | 3 4 5 6 7 8 9 10 | 10.0
Fighting       | 3 4 5 6 7 8 9 |  9.7
Throwing       | 1 2 3 4 5 6 7 10 12 13 | 13.2
Dodging        | 3 5 6 7 8 9 10 11 | 11.1
Long Blades    | 1 2 4 5 7 9 10 11 | 11.5
Stealth        | 1 2 3 4 |  4.3
Shields        | 1 3 5 6 8 9 10 12 13 | 13.4
Polearms       | 1 |  1.9
Armour         | 2 3 |  3.7
Short Blades   | |  0.3
Axes           | |  0.2
Evocations     | |  0.6

Action                   |  1- 3 |  4- 6 |  7- 9 | 10-12 | 13-15 | 16-18 || total
-------------------------+-------+-------+-------+-------+-------+-------++-------
Melee: Mace              |   106 |     4 |       |       |       |       ||   110
       Short sword       |    15 |     5 |       |    17 |       |       ||    37
       Long sword        |       |    47 |       |       |  1531 |   764 ||  2342
       Club              |       |    80 |    12 |    74 |    96 |       ||   262
       Flail             |       |       |    81 |   198 |    46 |     3 ||   328
       Falchion          |       |       |   147 |   242 |   216 |       ||   605
       Spear             |       |       |    45 |    42 |       |       ||    87
       Bite              |       |       |       |   118 |   392 |   137 ||   647
       Morningstar       |       |       |       |   132 |       |       ||   132
       Great mace        |       |       |       |       |     3 |       ||     3
       War axe           |       |       |       |       |     5 |       ||     5
Throw: Stone             |    18 |    46 |     4 |    12 |       |       ||    80
       Large rock        |       |     5 |    23 |    57 |    94 |   189 ||   368
       Tomahawk          |       |       |       |    45 |    99 |       ||   144
       Javelin           |       |       |       |       |     7 |    14 ||    21
Invok: Berserk           |     1 |     2 |     7 |    13 |    11 |     2 ||    36
       Burn Spellbooks   |       |       |     1 |     4 |       |     2 ||     7
       Trog's Hand       |       |       |     1 |     3 |     9 |     5 ||    18
       Brothers in Arms  |       |       |       |     1 |     4 |     2 ||     7
Evoke: Wand              |       |       |       |     5 |     6 |    10 ||    21
  Use: Scroll            |       |     3 |       |    17 |    22 |    11 ||    53
       Potion            |       |       |       |     9 |     9 |     7 ||    25
 Stab: Sleeping          |     1 |     8 |     8 |     5 |     6 |     1 ||    29
       Distracted        |       |       |     1 |       |     2 |       ||     3
       Petrified         |       |       |       |       |     3 |       ||     3
       Petrifying        |       |       |       |       |     1 |       ||     1
       Invisible         |       |       |       |       |       |     4 ||     4
  Eat: Chunk             |    19 |    13 |    41 |    67 |   185 |    68 ||   393
       Meat ration       |       |       |       |       |     3 |     1 ||     4
       Royal jelly       |       |       |       |       |     2 |     1 ||     3
Armor: Animal skin       |    43 |    37 |     2 |       |       |       ||    82
       Robe              |       |       |    94 |    33 |   185 |    89 ||   401
       Troll leather arm |       |       |       |    97 |    20 |       ||   117
Dodge: Dodged            |    60 |    51 |    96 |   215 |   513 |   214 ||  1149
Block: Shield            |       |    15 |   102 |       |       |       ||   117
       Large shield      |       |       |    34 |   700 |  2170 |  1277 ||  4181
       Reflection        |       |       |       |    15 |    73 |    66 ||   154
       Rpst.: Long sword |       |     8 |       |       |    93 |    44 ||   145
       Falchion          |       |       |    13 |    18 |    30 |       ||    61

Table legend:
 A = Spawn XP
 B = Non-spawn XP
 C = Spawn XP percentage of total XP
 D = Spawn monster count
 E = Non-spawn monster count
 F = Spawn count percentage of total count
 G = Total turns spent on level
                    A         B        C        D         E        F      G
               +---------+---------+-------+---------+---------+-------+---------
         Total |       0 |  237232 |   0.0 |       0 |     955 |   0.0 | 32224
               +---------+---------+-------+---------+---------+-------+---------
           D:1 |       0 |      30 |   0.0 |       0 |      18 |   0.0 |   658
           D:2 |       0 |      67 |   0.0 |       0 |      19 |   0.0 |   849
           D:3 |       0 |     409 |   0.0 |       0 |      41 |   0.0 |  1227
           D:4 |       0 |     716 |   0.0 |       0 |      14 |   0.0 |   972
           D:5 |       0 |     835 |   0.0 |       0 |      30 |   0.0 |   806
           D:6 |       0 |     340 |   0.0 |       0 |      17 |   0.0 |  1119
           D:7 |       0 |    1939 |   0.0 |       0 |      32 |   0.0 |   832
           D:8 |       0 |    5576 |   0.0 |       0 |      30 |   0.0 |  1158
           D:9 |       0 |    5022 |   0.0 |       0 |      34 |   0.0 |  1028
          D:10 |       0 |    3799 |   0.0 |       0 |      43 |   0.0 |  1282
          D:11 |       0 |    4022 |   0.0 |       0 |      33 |   0.0 |   710
          D:12 |       0 |    3956 |   0.0 |       0 |      40 |   0.0 |  1045
          D:13 |       0 |   13472 |   0.0 |       0 |      45 |   0.0 |   951
          D:14 |       0 |   16301 |   0.0 |       0 |      40 |   0.0 |  1029
          D:15 |       0 |   13997 |   0.0 |       0 |      37 |   0.0 |   997
        Lair:1 |       0 |    3219 |   0.0 |       0 |       8 |   0.0 |   626
        Lair:2 |       0 |    3298 |   0.0 |       0 |      14 |   0.0 |   870
        Lair:3 |       0 |   10143 |   0.0 |       0 |      21 |   0.0 |   953
        Lair:4 |       0 |    6141 |   0.0 |       0 |      35 |   0.0 |  1342
        Lair:5 |       0 |    5634 |   0.0 |       0 |      19 |   0.0 |   982
        Lair:6 |       0 |   32337 |   0.0 |       0 |      79 |   0.0 |  1995
      Shoals:1 |       0 |   11739 |   0.0 |       0 |      27 |   0.0 |   785
      Shoals:2 |       0 |   17995 |   0.0 |       0 |      29 |   0.0 |  1087
      Shoals:3 |       0 |   15177 |   0.0 |       0 |      32 |   0.0 |  1024
      Shoals:4 |       0 |   28785 |   0.0 |       0 |      46 |   0.0 |  1174
         Orc:1 |       0 |    3930 |   0.0 |       0 |      24 |   0.0 |   684
         Orc:2 |       0 |   11460 |   0.0 |       0 |      56 |   0.0 |  1599
           Lab |       0 |    1071 |   0.0 |       0 |       1 |   0.0 |  1897
        Bailey |       0 |    2117 |   0.0 |       0 |      31 |   0.0 |   603
         IceCv |       0 |    9413 |   0.0 |       0 |      50 |   0.0 |  1294
       Volcano |       0 |    4292 |   0.0 |       0 |      10 |   0.0 |   569
               +---------+---------+-------+---------+---------+-------+---------
